 Dungeon Crawl Stone Soup version 0.31-a0-214-gb37851dbb3 (webtiles) character file.

Game seed: 14591306505822963793

492 qw the Shooter (level 7, -1/43 HPs)
             Began as a Gargoyle Hexslinger on July 1, 2023.
             Slain by an iguana (6 damage)
             ... on level 5 of the Dungeon.
             The game lasted 00:02:07 (3851 turns).

qw the Shooter (Gargoyle Hexslinger)                Turns: 3851, Time: 00:02:08

Health: -1/43      AC:  9    Str: 12    XL:     7   Next: 14%
Magic:  8/8        EV: 11    Int: 13    God:
Gold:   262        SH:  0    Dex: 14    Spells: 7/8 levels left

rFire   . . .        Y - +2 sling
rCold   . . .        (no shield)
rNeg    + + .        b - +1 leather armour of Beyond {rElec Regen+ rCorr Stlth+}
rPois   inf          (no helmet)
rElec   +            (no cloak)
rCorr   +            (no gloves)
SInv    +            (no boots)
Will    .....        j - amulet of regeneration
Stlth   ++           k - ring of positive energy
HPRegen 1.87/turn    l - ring of see invisible
MPRegen 0.11/turn

%: no passive effects
@: about to teleport
A: sickness immunity, AC +4, negative energy resistance 1, electricity
resistance, torment resistance 1, petrification resistance
a: no special abilities


You were on level 5 of the Dungeon.
You visited 2 branches of the dungeon, and saw 7 of its levels.

You collected 262 gold pieces.


Innate Abilities, Weirdness & Mutations

You are immune to sickness and miasma.
Your stone body is resilient. (AC +4)
You are immune to poison.
You resist negative energy. (rN+)
You are resistant to electric shocks. (rElec)
You are resistant to unholy torment.
You are immune to petrification.


   Skills:
 - Level 4.0 Fighting
 + Level 6.2 Ranged Weapons
 - Level 1.9 Armour
 - Level 1.5 Dodging
 - Level 1.0 Spellcasting
 - Level 2.6 Hexes


You had 7 spell levels left.
You knew the following spells:

 Your Spells              Type           Power      Damage    Failure   Level
a - Slow                  Hex            28%        N/A       12%         1

Your spell library contained the following spells:

 Spells                   Type           Power      Damage    Failure   Level
 Inner Flame              Hex/Fire       4%         N/A       52%         3
 Portal Projectile        Hex/Tloc       8%         N/A       52%         3
 Cause Fear               Hex            3%         N/A       75%         4

Inventory:

Hand Weapons
 Y - a +2 sling (weapon)
Armour
 b - the +1 leather armour of Beyond (worn) {rElec Regen+ rCorr Stlth+}
   (You found it on level 5 of the Dungeon)

   rElec:     It insulates you from electricity.
   Regen:     It increases your rate of health regeneration.
   rCorr:     It protects you from acid and corrosion.
   Stlth:     It makes you more stealthy.
Jewellery
 j - an amulet of regeneration (around neck)
 k - a ring of positive energy (left hand)
 l - a ring of see invisible (right hand)
Scrolls
 e - a scroll of identify
Potions
 a - a potion of curing
 c - a potion of haste
 f - a potion of might
 i - a potion of ambrosia {unknown}
 m - a potion of degeneration {unknown}

Dungeon Overview and Level Annotations

Branches:
Dungeon (6/15)             Temple (1/1) D:5

Altars:
Ashenzari
Cheibriados
Dithmenos
Elyvilon
Fedhas
Gozag
Hepliaklqana
Kikubaaqudgha
Makhleb
Qazlal
Ru
Sif Muna
Uskayaw
Vehumet
Wu Jian
Xom
Yredelemnul
Zin

Shops:
D:1 =   D:5 :

Annotations:
D:4 3 runed translucent doors, qw's ghost, amateur GrFi
D:5 2 transporters
D:6 Blork the orc


Message History

The white imp gestures at you. The puff of frost hits you.
You climb upwards.
Level annotation: 2 transporters
There is a stone staircase leading down here.
Enter note:
Enter note:
Enter note:
Enter note:
Enter note:
Enter note: You shoot a sling bullet.
The sling bullet hits the iguana.
The iguana is moderately wounded.
The iguana bites you. The iguana barely misses you.
You shoot a sling bullet.
The sling bullet closely misses the iguana.
The iguana bites you but does no damage.
The iguana bites you. x2; The iguana barely misses you.
You shoot a sling bullet.
The sling bullet hits the iguana but does no damage.
The iguana is moderately wounded.
The iguana bites you but does no damage.
The iguana completely misses you.
You shoot a sling bullet.
The sling bullet barely misses the iguana.
The iguana bites you.
The iguana bites you but does no damage.
You shoot a sling bullet.
The sling bullet hits the iguana but does no damage.
The iguana is moderately wounded.
The iguana bites you. x2
3850 ||| READING scroll of teleportation.
As you read the scroll of teleportation, it crumbles to dust.
You feel strangely unstable. The iguana barely misses you.
The iguana bites you!
You shoot a sling bullet. The sling bullet hits the iguana!
The iguana is severely wounded.
The iguana bites you but does no damage.
The iguana bites you.
You die...

....# ##.#######........#
##..###.............###.#
.................##.#
#.#########
##....<..##....#.##.#
#..........
....<.......###..##.#
########### .#.####...#.#
#.....# ## .#.#
##.##.###..##.############.
.#.#
#.###...#l##..............
.#.#####.#
#####@#############...
.........# #l# ##.##
###...#### #.# #..##
.....)# #.# ##.### +###..#
#.# #...## .# #..# #.#
#.^.## .###.## #.# #######
_###[# #.# .0.$^).0 .###.#
#.# #...$!$..


You could see 2 iguanas.

Vanquished Creatures
  2 scorpions (D:5)
  2 jellies (D:5)
  An orc priest (D:4)
  A hound (D:4)
  2 iguanas (D:5)
  An orc wizard (D:5)
  A gnoll (D:4)
  5 adders
  A white imp (D:5)
  5 worms
  2 dart slugs
  11 orcs
  6 bats
  8 endoplasms
  5 giant cockroaches
  9 goblins
  11 hobgoblins
  6 jackals
  A quokka (D:5)
  9 ball pythons
  A frilled lizard (D:1)
  5 kobolds
  4 rats
99 creatures vanquished.

Vanquished Creatures (others)
  A quokka (D:4)
1 creature vanquished.

Grand Total: 100 creatures vanquished

Notes
Turn   | Place    | Note
-------+----------+-------------------------------------------
     0 | D:1      | qw the Gargoyle Hexslinger began the quest for the Orb.
     0 | D:1      | Reached XP level 1. HP: 12/12 MP: 2/2
     0 | D:1      | 0 ||| qw: Version: 0.3-a-32-g5962c71
     0 | D:1      | 0 ||| qw: Game counter: 7380
     0 | D:1      | 0 ||| qw: Melee chars always use a shield: true
     0 | D:1      | 0 ||| qw: God list: Okawaru
     0 | D:1      | 0 ||| qw: Allow faded altars: false
     0 | D:1      | 0 ||| qw: Do Orc after clearing Dungeon:15 true
     0 | D:1      | 0 ||| qw: Do second Lair branch before Depths: true
     0 | D:1      | 0 ||| qw: Lair rune preference: random
     0 | D:1      | 0 ||| qw: Goals: Normal
     0 | D:1      | 0 ||| PLANNING D:1-11
    50 | D:1      | Reached XP level 2. HP: 16/16 MP: 3/3
   140 | D:1      | Found Zuinnaiv's Jewellery Boutique.
   174 | D:1      | 174 ||| SHOPLISTING +5 ring of evasion (432 gold, have 6).
   174 | D:1      | 174 ||| SHOPLISTING ring of Hial Qeng {Str+4 SInv} (364
                  | gold, have 6).
   174 | D:1      | 174 ||| SHOPLISTING ring of fire (300 gold, have 6).
   174 | D:1      | 174 ||| SHOPLISTING ring of protection from fire (300 gold,
                  | have 6).
   174 | D:1      | 174 ||| SHOPLISTING ring of willpower (300 gold, have 6).
   253 | D:1      | Reached skill level 3 in Ranged Weapons
   322 | D:1      | Reached XP level 3. HP: 21/21 MP: 4/4
   726 | D:1      | 726 ||| READING scroll labelled FUOROC REUCHIH.
   727 | D:1      | 727 ||| READING scroll labelled NEK PAOSSUOC.
   728 | D:1      | 728 ||| READING scroll labelled IDIV CUNAGGUPT.
   729 | D:1      | 729 ||| READING scroll labelled VIUS TED DOLECAPP.
   730 | D:1      | 730 ||| READING scroll labelled JAOTUKU FEPRA.
   731 | D:1      | 731 ||| READING scroll labelled ZIBEGI XUGAITH.
   732 | D:1      | 732 ||| READING scroll labelled URUN AFOCAE.
   733 | D:1      | 733 ||| READING scroll labelled UGINGO OGAUQY.
   736 | D:1      | 736 ||| DROPPING scroll of poison.
   786 | D:2      | 786 ||| FLEEEEING.
   787 | D:2      | 787 ||| STAIRDANCE
   843 | D:2      | Found a shadowy altar of Dithmenos.
  1001 | D:2      | Reached XP level 4. HP: 24/26 MP: 5/5
  1138 | D:2      | Reached skill level 4 in Ranged Weapons
  1552 | D:2      | 1552 ||| DRINKING 2 smoky green potions.
  1553 | D:2      | 1553 ||| DRINKING 2 sedimented golden potions.
  1554 | D:2      | 1554 ||| DROPPING potion of attraction.
  2106 | D:3      | Found a faded altar of an unknown god.
  2220 | D:3      | 2220 ||| UPGRADING to +0 ring mail.
  2230 | D:3      | 2230 ||| DROPPING +0 robe.
  2231 | D:3      | 2231 ||| UPGRADING to amulet of regeneration.
  2236 | D:3      | 2236 ||| READING 4 scrolls of identify.
  2236 | D:3      | 2236 ||| IDENTIFYING bubbling orange potion
  2237 | D:3      | 2237 ||| READING 3 scrolls of identify.
  2237 | D:3      | 2237 ||| IDENTIFYING cyan potion
  2238 | D:3      | 2238 ||| READING 2 scrolls of identify.
  2238 | D:3      | 2238 ||| IDENTIFYING orange potion
  2239 | D:3      | 2239 ||| DROPPING potion of magic.
  2308 | D:4      | Found a runed translucent gate.
  2308 | D:4      | Found a runed translucent gate.
  2308 | D:4      | Found a runed translucent gate.
  2335 | D:4      | Reached XP level 5. HP: 29/30 MP: 6/6
  2346 | D:4      | 2346 ||| Stepping ~*~*~tactically~*~*~ (outnumbered).
  2357 | D:4      | Reached skill level 1 in Armour
  2357 | D:4      | HP: 6/30 [orc/+0 flail (3)]
  2358 | D:4      | 2358 ||| READING 3 scrolls of teleportation.
  2359 | D:4      | 2359 ||| DRINKING potion of heal wounds.
  2361 | D:4      | Found a blossoming altar of Fedhas.
  2562 | D:4      | Found a white marble altar of Elyvilon.
  2671 | D:4      | Found a shimmering altar of Xom.
  2674 | D:4      | Found a shimmering blue altar of Sif Muna.
  2686 | D:4      | Reached skill level 5 in Ranged Weapons
  2689 | D:4      | Found a hazy altar of Hepliaklqana.
  2809 | D:4      | Noticed qw's ghost (amateur GrFi)
  2873 | D:4      | 2873 ||| UPGRADING to +0 ring mail of cold resistance.
  2883 | D:4      | 2883 ||| DROPPING +0 ring mail.
  2884 | D:4      | 2884 ||| UPGRADING to ring of positive energy.
  2885 | D:4      | 2885 ||| DRINKING 2 bubbling amethyst potions.
  2936 | D:4      | 2936 ||| READING 2 scrolls of identify.
  2936 | D:4      | 2936 ||| IDENTIFYING bubbling white potion
  2937 | D:4      | 2937 ||| DROPPING potion of lignification.
  2961 | D:5      | Entered Level 5 of the Dungeon
  2976 | D:5      | Reached XP level 6. HP: 34/36 MP: 7/7
  2985 | D:5      | Identified the +1 leather armour of Beyond {rElec Regen+
                  | rCorr Stlth+}
  3013 | D:5      | Reached skill level 3 in Fighting
  3088 | D:5      | Found Figin's Book Boutique.
  3134 | D:5      | Found a transporter.
  3139 | D:5      | Noticed a fire bat
  3248 | D:5      | Found a transporter.
  3355 | D:5      | Found a burning altar of Makhleb.
  3385 | D:5      | HP: 9/37 [scorpion (5)]
  3386 | D:5      | 3386 ||| READING 2 scrolls of teleportation.
  3388 | D:5      | HP: 4/37 [orc/+0 short sword (1)]
  3389 | D:5      | 3389 ||| DRINKING 2 potions of curing.
  3389 | D:5      | 3389 ||| (to cure confusion)
  3463 | D:5      | Reached skill level 6 in Ranged Weapons
  3482 | D:5      | Reached XP level 7. HP: 38/42 MP: 8/8
  3532 | D:5      | Found a staircase to the Ecumenical Temple.
  3533 | D:5      | 3533 ||| PLANNING TEMPLE
  3533 | D:5      | 3533 ||| UPGRADING to +1 leather armour of Beyond {rElec
                  | Regen+ rCorr Stlth+}.
  3543 | D:5      | 3543 ||| DROPPING +0 ring mail of cold resistance.
  3544 | D:5      | 3544 ||| UPGRADING to ring of see invisible.
  3545 | D:5      | 3545 ||| READING scroll labelled REDA NIOXT.
  3552 | Temple   | Entered the Ecumenical Temple
  3693 | Temple   | 3693 ||| PLANNING D:1-11
  3838 | D:6      | Noticed Blork the orc
  3843 | D:6      | 3843 ||| STAIRDANCE
  3849 | D:5      | HP: 10/43 [iguana (3)]
  3850 | D:5      | 3850 ||| READING scroll of teleportation.
  3850 | D:5      | HP: 3/43 [iguana (9)]
  3851 | D:5      | Slain by an iguana

Levels and vault maps discovered:
D:1:      lightli_arrival_boilingwater, layout_basic, serial_shops, shop,
          st_stairs_9, ebering_dispersal_statue_hall
D:2:      layout_loops_ring, basic_altar
D:3:      layout_loops_ring, shapermc_ecumenical_altar_mp_urbaneastern
D:4:      layout_basic, elyvilon_altar_4, grunt_temple_overflow_cloverleaf,
          gammafunk_ghost_necromancy, minmay_misc_feat_diagonals,
          minmay_box_of_dots
D:5:      gammafunk_cloud_chamber, layout_loops_ring, lemuel_doored_altar,
          minmay_temple_entry_tees, serial_shops, nicolae_shop_getting_attention
D:6:      layout_cave_pools, mainiacjoe_overflow_alcove_1, grunt_decor_junction,
          uniq_blork_the_orc
Temple:   hellmonk_temple_forest_ring

Skill      XL: |  1  2  3  4  5  6  7 |
---------------+----------------------+-----
Ranged Weapons | 3 4 5 6 |  6.2
Fighting       | 2 3 4 |  4.0
Armour         | 1 |  1.9
Dodging        | |  1.5
Spellcasting   | |  1.0
Hexes          | |  2.6

Action                     |  1- 3 |  4- 6 |  7- 9 || total
---------------------------+-------+-------+-------++-------
   Fire: Sling             |   139 |   350 |    58 ||   547
    Use: Scroll            |     8 |     6 |     2 ||    16
         Potion            |       |     5 |       ||     5
 Armour: Robe              |    22 |    40 |       ||    62
         Ring mail         |       |   109 |    27 ||   136
         Leather armour    |       |       |     4 ||     4
  Dodge: Dodged            |    55 |   187 |    13 ||   255

Table legend:
 A = Non-vault XP
 B = Vault XP
 C = Vault XP percentage of total XP
 D = Non-vault monster count
 E = Vault monster count
 F = Vault count percentage of total count
                 A         B        C        D         E       F
            +---------+---------+-------+---------+---------+-------
      Total |     678 |      25 |   3.6 |      94 |       5 |   5.1
            +---------+---------+-------+---------+---------+-------
        D:1 |      40 |       4 |   9.1 |      22 |       2 |   8.3
        D:2 |      79 |       0 |   0.0 |      24 |       0 |   0.0
        D:3 |      34 |       0 |   0.0 |      17 |       0 |   0.0
        D:4 |     136 |      21 |  13.4 |      18 |       3 |  14.3
        D:5 |     389 |       0 |   0.0 |      13 |       0 |   0.0
            +---------+---------+-------+---------+---------+-------
